 Dungeon Crawl Stone Soup version 0.23-a0-49-gd9f7a49668 (webtiles) character file.

3030 Necrophagist the Skirmisher (level 9, -7/93 HPs)
             Began as a Troll Monk on Aug 6, 2018.
             Was an Initiate of Gozag.
             Mangled by a yak (15 damage)
             ... on level 7 of the Dungeon.
             The game lasted 00:13:12 (5437 turns).

Necrophagist the Skirmisher (Troll Monk)            Turns: 5437, Time: 00:13:13

Health: -7/93      AC: 12    Str: 23    XL:     9   Next: 56%
Magic:  8/8        EV: 25    Int:  6    God:    Gozag
Gold:   362        SH:  8    Dex: 13    Spells: 8/8 levels left

rFire    + . .     SeeInvis .     - Unarmed
rCold    x . .     Gourm    +   y - +0 shield
rNeg     . . .     Faith    .   a - +0 robe
rPois    .         Spirit   .   (helmet restricted)
rElec    .         Reflect  .   C - +1 cloak
rCorr    .         Harm     .   (gloves unavailable)
MR       .....                  (boots unavailable)
Stlth    +.........             n - amulet of the acrobat
HPRegen  0.65/turn              e - +5 ring of protection
MPRegen  0.11/turn              h - ring of fire

@: fainting, drained
A: large, unfitting armour, claws 3, fast metabolism 3, gourmand, regeneration
1, shaggy fur 1, tough skin 2
a: Potion Petition, Call Merchant, Bribe Branch, Renounce Religion


You were on level 7 of the Dungeon.
You worshipped Gozag.
Gozag was aware of your devotion.
You were fainting.

You visited 2 branches of the dungeon, and saw 10 of its levels.

You collected 698 gold pieces.
You paid 336 gold pieces to Gozag.

Inventory:

Hand Weapons
 t - a +0 giant spiked club
Armour
 a - a +0 robe (worn)
 y - a +0 shield (worn)
 C - a +1 cloak (worn)
Jewellery
 e - a +5 ring of protection (left claw)
 h - a ring of fire (right claw)
 n - an amulet of the acrobat (around neck)
Wands
 z - a wand of polymorph (17)
Scrolls
 i - 5 scrolls of teleportation
 j - a scroll of magic mapping {unknown}
 k - a scroll of immolation
 m - a scroll of fog {unknown}
 o - a scroll of blinking {unknown}
 p - a scroll of enchant armour {unknown}
 q - 9 scrolls of identify {unknown}
 r - a scroll of fear {unknown}
 s - 2 scrolls of amnesia {unknown}
 v - a scroll of enchant weapon {unknown}
 w - 2 scrolls of remove curse
 B - 4 scrolls of noise {unknown}
Potions
 c - 2 potions of haste {unknown}
 d - 2 potions of might {unknown}
 f - a potion of invisibility {unknown}
 g - 4 potions of flight {unknown}
 l - 4 potions of resistance {unknown}
 u - a potion of magic {unknown}
 x - 2 potions of cancellation {unknown}
Comestibles
 b - 7 rations


   Skills:
 * Level 7.1(6.0) Fighting
 * Level 3.6(2.7) Maces & Flails
 + Level 6.8(5.8) Dodging
 - Level 1.0(0.1) Stealth
 + Level 3.0(2.1) Shields
 - Level 5.7(4.7) Unarmed Combat


You had 8 spell levels left.
You didn't know any spells.
Your spell library contained the following spells:

 Spells                   Type           Power        Failure   Level  Hunger
 Cause Fear               Hex            #.........   100%        4    #####..
 Slow                     Hex            #.......     97%         2    ###....
 Spider Form              Tmut/Pois      #.........   100%        3    ####...
 Blade Hands              Tmut           #.........   100%        5    ######.
 Ice Form                 Ice/Tmut       #.......     100%        4    #####..
 Sticks to Snakes         Tmut           #.......     97%         2    ###....
 Corona                   Hex            #......      91%         1    ##.....
 Portal Projectile        Hex/Tloc       #.....       100%        3    ####...
 Leda's Liquefaction      Hex/Erth       #.........   100%        4    #####..
 Inner Flame              Hex/Fire       #.......     100%        3    ####...
 Beastly Appendage        Tmut           #.....       91%         1    ##.....


Dungeon Overview and Level Annotations

Branches:
Dungeon (9/15)             Temple (1/1) D:6
   Lair: D:8-11         Orc: D:9-12

Altars:
Ashenzari
Cheibriados
Fedhas
Gozag
Hepliaklqana
Kikubaaqudgha
Makhleb
Nemelex Xobeh
Okawaru
Qazlal
Ru
Sif Muna
Trog
Vehumet
Wu Jian
Xom
Yredelemnul
Zin
The Shining One


Innate Abilities, Weirdness & Mutations

You are too large for most types of armour.
You have claws for hands.
Your metabolism is lightning-fast.
You like to eat raw meat.
Your natural rate of healing is unusually fast.
You are covered in fur. (AC +1)
You have very tough skin. (AC +2)


Message History

* * * LOW HITPOINT WARNING * * *
You can move again.
Unknown command.
The yak completely misses you.
You lose consciousness!
The yak gores you.
* * * LOW HITPOINT WARNING * * *
The yak gores you.
* * * LOW HITPOINT WARNING * * *
The yak gores you.
* * * LOW HITPOINT WARNING * * *
The yak gores you but does no damage.
You can move again.
Unknown command.
Unknown command.
Unknown command.
The yak gores you but does no damage. The yak gores you!
You die...
Your body crumbles into a pile of gold.

######.........
.......[.....##
#####...#...# #...#...#
###############...#####
#.................##
#............#
#Y########...# #@#
#...# #.# #...# #.#
....#### #.# ........
#.# ..#### #.# .... #..
#### ###


You could see a yak.

Vanquished Creatures
  A human (D:7)
  3 hogs
  Duvessa (D:4)
  5 ogres
  2 phantoms
  3 centaurs (D:7)
  A bullfrog (D:6)
  A wyvern zombie (D:6)
  A water moccasin zombie (D:7)
  Dowan (D:4)
  3 scorpions
  5 wights
  A howler monkey (D:4)
  3 crimson imps (D:5)
  5 hounds
  3 orc priests (D:4)
  6 orc wizards
  Terence (D:2)
  An iguana (D:4)
  A killer bee zombie (D:6)
  4 worker ants (D:6)
  8 gnolls
  7 adders
  A shadow imp (D:5)
  An ooze (D:1)
  An adder zombie (D:7)
  An adder skeleton (D:5)
  2 dart slugs (D:1)
  3 leopard geckos
  21 orcs
  7 bats
  5 giant cockroaches
  7 goblins
  5 hobgoblins
  5 jackals (D:3)
  A quokka (D:5)
  2 ball pythons
  3 frilled lizards
  A jackal skeleton (D:4)
  9 kobolds
  A quokka skeleton (D:4)
  2 rats
145 creatures vanquished.

Notes
Turn   | Place    | Note
-------+----------+-------------------------------------------
     0 | D:1      | Necrophagist the Troll Monk began the quest for the Orb.
     0 | D:1      | Reached XP level 1. HP: 22/22 MP: 0/0
   196 | D:1      | Reached XP level 2. HP: 29/29 MP: 1/1
   700 | D:2      | Reached XP level 3. HP: 36/36 MP: 2/2
   960 | D:2      | Noticed Terence
   967 | D:2      | Killed Terence
   967 | D:2      | Reached XP level 4. HP: 44/44 MP: 3/3
  1447 | D:3      | Reached skill level 3 in Fighting
  1599 | D:4      | Reached XP level 5. HP: 50/53 MP: 4/4
  1668 | D:4      | Reached skill level 5 in Unarmed Combat
  1669 | D:4      | Noticed an ogre
  1718 | D:4      | Killed an ogre
  1718 | D:4      | Reached XP level 6. HP: 61/61 MP: 5/5
  2051 | D:4      | Reached XP level 7. HP: 67/68 MP: 6/6
  2165 | D:4      | Reached skill level 4 in Fighting
  2243 | D:4      | Noticed Duvessa
  2254 | D:4      | Noticed Dowan
  2263 | D:4      | Killed Duvessa
  2269 | D:4      | Killed Dowan
  2278 | D:4      | Got a faintly glowing dagger {venom}
  2279 | D:4      | Identified the +3 dagger of Annihilation {venom, *Drain rElec Dex+4} (You took it off an orc on level 4 of the Dungeon)
  2670 | D:5      | Entered Level 5 of the Dungeon
  2686 | D:5      | Reached skill level 5 in Fighting
  2686 | D:5      | Reached skill level 5 in Dodging
  2860 | D:5      | Reached XP level 8. HP: 71/80 MP: 7/7
  3110 | D:5      | Reached skill level 1 in Maces & Flails
  3557 | D:6      | Found a staircase to the Ecumenical Temple.
  3597 | Temple   | Entered the Ecumenical Temple
  3688 | Temple   | Became a worshipper of Gozag Ym Sagoz the Greedy
  3811 | D:6      | Reached skill level 6 in Fighting
  3902 | D:6      | Found a hazy altar of Hepliaklqana.
  4007 | D:5      | Reached skill level 1 in Shields
  4260 | D:6      | You fall through a shaft for 3 floors!
  4261 | D:9      | Noticed a hippogriff
  4275 | D:9      | Noticed a hippogriff
  4323 | D:7      | Reached XP level 9. HP: 35/92 MP: 8/8
  4371 | D:7      | Found a glowing golden altar of the Shining One.
  4372 | D:7      | Found an ornate altar of the Wu Jian Council.
  4373 | D:7      | Found a basalt altar of Yredelemnul.
  4377 | D:7      | Found a blossoming altar of Fedhas.
  4769 | D:6      | Found a burning altar of Makhleb.
  4769 | D:6      | Found a radiant altar of Vehumet.
  4788 | D:6      | Reached skill level 7 in Fighting
  5403 | D:7      | Paralysed by fainting for 6 turns
  5411 | D:7      | Paralysed by fainting for 5 turns
  5415 | D:7      | HP: 4/93 [yak (7)]
  5430 | D:7      | Paralysed by fainting for 6 turns
  5437 | D:7      | Mangled by a yak

Vault maps used:
D:1:      minmay_arrival_jagged, corner_web_ring, corexii_corridor_pit,
          fountainhead
D:2:      minmay_quantized, uniq_terence
D:4:      uniq_duvessa
D:5:      first_ration, grunt_decor_arrowhead
D:6:      grunt_temple_overflow_open, minmay_temple_entry_mist
D:7:      chequers_temple_overflow_statue_of_worship,
          nicolae_overflow_crystal_walls, grunt_livestock,
          kennysheep_okawaru_gauntlet
D:8:      lair_entry_dummy, trog_three_pillars_becter
D:9:      lemuel_doored_altar, erik_orc_2
Temple:   dshaligram_water_room_temple

Skill      XL: |  1  2  3  4  5  6  7  8  9 |
---------------+----------------------------+-----
Dodging        | 3 4 5 6 |  6.8
Unarmed Combat | 4 5 |  5.7
Fighting       | 3 5 6 7 |  7.1
Maces & Flails | 2 3 |  3.6
Shields        | 1 3 |  3.0
Stealth        | |  1.0

Action                   |  1- 3 |  4- 6 |  7- 9 || total
-------------------------+-------+-------+-------++-------
Melee: Unarmed           |    71 |   106 |   190 ||   367
       Staff             |     7 |       |       ||     7
       Punch             |       |     2 |     9 ||    11
       Giant spiked club |       |    36 |       ||    36
       Dagger            |       |       |   304 ||   304
Invok: Potion Petition   |       |       |     2 ||     2
  Use: Scroll            |       |     3 |     1 ||     4
 Stab: Sleeping          |     1 |     1 |     2 ||     4
       Invisible         |       |       |     2 ||     2
  Eat: Chunk             |    14 |    11 |     7 ||    32
       Ration            |       |       |     4 ||     4
Armor: Robe              |    36 |    55 |   242 ||   333
Dodge: Dodged            |    52 |    90 |   555 ||   697
Block: Shield            |       |       |   289 ||   289

Table legend:
 A = Spawn XP
 B = Non-spawn XP
 C = Spawn XP percentage of total XP
 D = Spawn monster count
 E = Non-spawn monster count
 F = Spawn count percentage of total count
 G = Total turns spent on level
                    A         B        C        D         E        F      G
               +---------+---------+-------+---------+---------+-------+---------
         Total |       0 |    4329 |   0.0 |       0 |     145 |   0.0 |  5437
               +---------+---------+-------+---------+---------+-------+---------
           D:1 |       0 |      37 |   0.0 |       0 |      15 |   0.0 |   693
           D:2 |       0 |      81 |   0.0 |       0 |      21 |   0.0 |   428
           D:3 |       0 |     123 |   0.0 |       0 |      23 |   0.0 |   597
           D:4 |       0 |     986 |   0.0 |       0 |      31 |   0.0 |   952
           D:5 |       0 |     900 |   0.0 |       0 |      22 |   0.0 |  1132
           D:6 |       0 |     951 |   0.0 |       0 |      19 |   0.0 |   880
           D:7 |       0 |    1177 |   0.0 |       0 |      13 |   0.0 |   595
           D:8 |       0 |      74 |   0.0 |       0 |       1 |   0.0 |    18
               +---------+---------+-------+---------+---------+-------+---------
